 Dungeon Crawl Stone Soup version 0.31-a0-180-g519b7de00c (webtiles) character file.

Game seed: 2539853775399056723

20106 juan097 the Bludgeoner (level 12, -6/162 HPs)
             Began as a Minotaur Berserker on June 19, 2023.
             Was a High Priest of Trog.
             Mangled by a black mamba (10 damage)
             ... on level 4 of the Lair of Beasts.
             The game lasted 00:30:06 (11476 turns).

juan097 the Bludgeoner (Minotaur Berserker)        Turns: 11476, Time: 00:30:07

Health: -6/162     AC: 15    Str: 32    XL:     12   Next: 42%
Magic:  11/11      EV: 13    Int:  4    God:    Trog [*****.]
Gold:   756        SH:  0    Dex: 11    Spells: 11/11 levels left

rFire   + . .        a - +0 flail (protect)
rCold   . . .        (no shield)
rNeg    . . .        U - +2 leather armour {rPois}
rPois   +            (helmet restricted)
rElec   .            B - scarf {repulsion}
rCorr   .            A - +1 pair of gloves
SInv    .            (no boots)
Will    .....        G - amulet of regeneration Stlth
                     V - +6 ring of strength
HPRegen 1.27/turn    z - ring of protection from fire {=R}
MPRegen 0.12/turn

%: repel missiles
@: berserking, under a protective aura, slowed
A: horns 2, retaliatory headbutt
a: Renounce Religion, Berserk, Trog's Hand, Brothers in Arms


You were on level 4 of the Lair of Beasts.
You worshipped Trog.
Trog was extremely pleased with you.
You visited 2 branches of the dungeon, and saw 12 of its levels.

You collected 756 gold pieces.

Inventory:

Hand Weapons
 a - a +0 flail of protection (weapon)
 b - a +6 shortbow of flaming
 v - a +2 heavy mace
 Q - a +4 flail
Missiles
 d - 8 javelins
 e - 26 poisoned darts (quivered)
 m - 14 boomerangs
 K - 4 curare-tipped darts
 N - 2 throwing nets
 O - 5 atropa-tipped darts
 T - 5 boomerangs of dispersal
Armour
 w - a +2 robe of fire resistance
 A - a +1 pair of gloves (worn)
 B - a scarf of repulsion (worn)
 E - a +0 tower shield
 H - a +1 cloak of preservation
 U - a +2 leather armour of poison resistance (worn)
Jewellery
 j - a ring of flight
 z - a ring of protection from fire (right hand) {=R}
 G - an amulet of regeneration (around neck)
 L - a ring of see invisible
 V - a +6 ring of strength (left hand)
Wands
 o - a wand of charming (11)
 q - a wand of mindburst (25)
 C - a wand of quicksilver (8)
 R - a wand of roots (15)
Scrolls
 c - 2 scrolls of revelation
 f - 3 scrolls of teleportation
 g - a scroll of immolation
 k - 2 scrolls of enchant weapon
 l - 3 scrolls of poison
 r - 3 scrolls of fog {unknown}
 s - 2 scrolls of vulnerability
 x - 4 scrolls of torment {unknown}
 F - 2 scrolls of brand weapon {unknown}
 I - a scroll of fear
 M - 2 scrolls of noise {unknown}
 P - a scroll of enchant armour {unknown}
 W - a scroll of blinking {unknown}
Potions
 h - a potion of might {unknown}
 i - 6 potions of curing
 n - a potion of invisibility {unknown}
 p - 2 potions of resistance {unknown}
 t - 3 potions of berserk rage {unknown}
 u - a potion of lignification {unknown}
 D - 4 potions of heal wounds


   Skills:
 + Level 10.9 Fighting
 * Level 15.2 Maces & Flails
 + Level 5.7 Ranged Weapons
 - Level 4.0 Throwing
 + Level 7.5 Armour
 - Level 6.0 Dodging
 - Level 4.0 Stealth
 - Level 8.0 Evocations


You had 11 spell levels left.
You didn't know any spells.
Your spell library was empty.

Dungeon Overview and Level Annotations

Branches:
Dungeon (9/15)             Temple (0/1) D:6            Lair (4/5) D:9
  Slime (0/5) Lair:4          Orc (0/2) D:9
  Swamp: Lair:2-3    Shoals: Lair:2-3     Snake: Lair:2-3    Spider: Lair:2-3

Altars:
Cheibriados
Vehumet
Wu Jian
Yredelemnul

Shops:
D:3 (

Annotations:
D:7 2 runed translucent doors, pokeman's ghost, novice DEHW
Lair:2 2 runed translucent doors


Innate Abilities, Weirdness & Mutations

You have a pair of horns on your head.
You reflexively headbutt those who attack you in melee.


Message History

Things that are here:
a +0 dagger; a +0 robe You closely miss the black mamba.
The black mamba is lightly wounded.
The black mamba bites you!
* * * LOW HITPOINT WARNING * * *
The black mamba closely misses you. You furiously retaliate!
You headbutt the black mamba. The wraith completely misses you.
A red film seems to cover your vision as you go berserk!
You feel yourself moving faster!
You feel mighty! The black mamba bites you.
* * * LOW HITPOINT WARNING * * *
The black mamba barely misses you. The wraith hits you.
* * * LOW HITPOINT WARNING * * *
The wraith drains your vigour!
You feel as though you will be slow longer.
The black mamba bites you.
* * * LOW HITPOINT WARNING * * *
You closely miss the black mamba.
The black mamba is moderately wounded.
A nearby plant withers and dies.
The wraith completely misses you. The black mamba bites you.
* * * LOW HITPOINT WARNING * * *
You hit the wraith but do no damage.
Your weapon exudes an aura of protection.
The wraith is almost destroyed.
The black mamba bites you!
* * * LOW HITPOINT WARNING * * *
The wraith hits you!
* * * LOW HITPOINT WARNING * * *
The wraith drains your vigour!
You feel as though you will be slow longer.
You completely miss the wraith. You headbutt the wraith.
You destroy the wraith!
Trog accepts your kill. The black mamba bites you.
* * * LOW HITPOINT WARNING * * *
You sock the black mamba! Your headbutt misses the black mamba.
The black mamba is severely wounded.
The black mamba bites you!
You die...

.#..............#
##.....P...P##....?
....##.....## #..
..#.##.....#
.#.##.<...### .
...(.#..#...# #####.#..
.P.#####....###
###........ .###
#P..#...P###w.....##..
##
#............@S.###.....
. ..P.P.###....#### ....
## ##...# ###.## ..W
#... #..# .. ### ##.. .
##.. ###


You could see a torpor snail and a black mamba.

Vanquished Creatures
  Josephine (Lair:4)
  Sonja (Lair:1)
  Pikel (D:5)
  A cyclops (D:7)
  An ugly thing (D:7)
  A black mamba (Lair:1)
  5 elephants
  3 cane toads
  4 komodo dragons
  4 trolls (D:7)
  Prince Ribbit (Lair:1)
  8 blink frogs (Lair:1)
  A slime creature (D:7)
  4 wraiths
  A vampire (D:9)
  17 yaks
  2 wyverns
  3 basilisks
  A steam dragon (D:6)
  A naga (Lair:2)
  7 water moccasins
  Duvessa (D:5)
  7 black bears
  2 sky beasts
  An orc warrior (D:6)
  3 ice beasts
  2 ogres (D:6)
  8 wolves
  3 centaurs
  A lemure (D:5)
  2 phantoms (D:5)
  Blork the orc (D:5)
  3 kobold brigands
  9 bullfrogs
  A gnoll sergeant (D:7)
  A scorpion (D:7)
  Dowan (D:5)
  20 wights
  15 killer bees
  2 howler monkeys
  5 electric eels
  4 orc priests
  5 hounds
  2 jellies
  Crazy Yiuf (D:5)
  Jessica (D:3)
  8 orc wizards
  An iguana (D:4)
  3 hell rats (Lair:2)
  12 gnolls
  7 adders
  A shadow imp (D:4)
  5 white imps (D:7)
  2 ufetubi
  5 worms
  4 dart slugs
  23 orcs
  9 endoplasms
  3 giant cockroaches
  5 goblins
  6 hobgoblins
  3 jackals (D:5)
  4 quokkas
  10 ball pythons
  4 bats
  2 frilled lizards
  11 kobolds
  6 rats
303 creatures vanquished.

Vanquished Creatures (others)
  An orc wizard (D:7)
1 creature vanquished.

Grand Total: 304 creatures vanquished

Notes
Turn   | Place    | Note
-------+----------+-------------------------------------------
     0 | D:1      | juan097 the Minotaur Berserker began the quest for the Orb.
     0 | D:1      | Reached XP level 1. HP: 19/19 MP: 0/0
   180 | D:1      | Reached XP level 2. HP: 27/27 MP: 1/1
   240 | D:1      | Reached skill level 4 in Maces & Flails
   454 | D:1      | Found a faded altar of an unknown god.
   754 | D:1      | Reached XP level 3. HP: 13/33 MP: 2/2
  1289 | D:2      | Reached skill level 1 in Stealth
  1568 | D:2      | Reached ** piety under Trog
  1730 | D:2      | Reached XP level 4. HP: 40/40 MP: 3/3
  1855 | D:3      | Noticed Jessica
  1857 | D:3      | Noticed a black bear
  2036 | D:3      | Found Zaloimu's Antique Weapon Boutique.
  2233 | D:3      | Killed Jessica
  2313 | D:3      | Killed a black bear
  2314 | D:3      | Reached skill level 5 in Maces & Flails
  2314 | D:3      | Reached XP level 5. HP: 21/47 MP: 4/4
  2626 | D:3      | Reached XP level 6. HP: 46/53 MP: 5/5
  2960 | D:4      | Reached skill level 6 in Maces & Flails
  2994 | D:4      | Reached skill level 5 in Fighting
  3264 | D:4      | Reached XP level 7. HP: 61/61 MP: 6/6
  3450 | D:4      | Reached *** piety under Trog
  3637 | D:5      | Entered Level 5 of the Dungeon
  3718 | D:5      | Noticed Blork the orc
  3730 | D:5      | Killed Blork the orc
  3731 | D:5      | Reached skill level 7 in Maces & Flails
  4285 | D:5      | Reached skill level 1 in Evocations
  4423 | D:5      | Noticed Duvessa
  4423 | D:5      | Noticed Dowan
  4444 | D:5      | Killed Duvessa
  4445 | D:5      | Reached XP level 8. HP: 66/70 MP: 7/7
  4456 | D:5      | Killed Dowan
  4457 | D:5      | Reached skill level 8 in Maces & Flails
  4517 | D:5      | Found a runed translucent door.
  4518 | D:5      | Noticed Crazy Yiuf
  4539 | D:5      | Killed Crazy Yiuf
  5099 | D:6      | Noticed Pikel
  5115 | D:5      | Killed Pikel
  5116 | D:5      | Reached skill level 9 in Maces & Flails
  5306 | D:6      | Reached XP level 9. HP: 68/77 MP: 8/8
  5505 | D:6      | Reached skill level 10 in Maces & Flails
  5667 | D:7      | Noticed a cyclops
  5680 | D:7      | Killed a cyclops
  5686 | D:7      | Noticed a troll
  5691 | D:7      | Killed a troll
  5692 | D:7      | Reached skill level 11 in Maces & Flails
  5707 | D:7      | Noticed a troll
  5711 | D:7      | Killed a troll
  5712 | D:7      | Noticed a troll
  5712 | D:7      | Noticed a troll
  5716 | D:7      | Killed a troll
  5717 | D:7      | Reached skill level 5 in Evocations
  5745 | D:7      | Killed a troll
  5847 | D:7      | Reached **** piety under Trog
  5848 | D:7      | Reached XP level 10. HP: 58/90 MP: 9/9
  5963 | D:7      | Noticed a purple ugly thing
  6051 | D:7      | Reached skill level 12 in Maces & Flails
  6216 | D:7      | Killed a purple ugly thing
  6217 | D:7      | Reached skill level 1 in Ranged Weapons
  6221 | D:7      | Found an ornate altar of the Wu Jian Council.
  6247 | D:7      | Found a large runed translucent door.
  6247 | D:7      | Found a large runed translucent door.
  6251 | D:7      | Noticed pokeman's ghost (novice DEHW)
  6820 | D:6      | Reached skill level 1 in Throwing
  7093 | D:6      | Found a staircase to the Ecumenical Temple.
  7331 | D:6      | Found a radiant altar of Vehumet.
  7887 | D:8      | Reached skill level 13 in Maces & Flails
  8487 | D:8      | Reached XP level 11. HP: 83/99 MP: 10/10
  8830 | D:9      | Found a staircase to the Lair.
  8903 | D:9      | Reached skill level 5 in Armour
  8986 | D:9      | Found a staircase to the Orcish Mines.
  9054 | D:9      | Reached skill level 10 in Fighting
  9091 | D:9      | Found a snail-covered altar of Cheibriados.
  9219 | D:9      | Found a basalt altar of Yredelemnul.
  9392 | D:9      | Reached ***** piety under Trog
  9393 | D:9      | Reached skill level 5 in Dodging
  9595 | Lair:1   | Entered Level 1 of the Lair of Beasts
  9706 | Lair:1   | Noticed Prince Ribbit
  9731 | Lair:1   | Killed Prince Ribbit
  9865 | Lair:1   | Reached skill level 14 in Maces & Flails
 10288 | Lair:1   | Noticed Sonja
 10290 | Lair:1   | Killed Sonja
 10906 | Lair:2   | Reached XP level 12. HP: 90/106 MP: 11/11
 11093 | Lair:2   | Reached skill level 5 in Ranged Weapons
 11264 | Lair:2   | Found a runed translucent gate.
 11264 | Lair:2   | Found a runed translucent gate.
 11287 | Lair:2   | You fall into a shaft and drop 2 floors!
 11322 | Lair:4   | Found a staircase to the Slime Pits.
 11353 | Lair:4   | Reached skill level 15 in Maces & Flails
 11435 | Lair:4   | Noticed Josephine
 11450 | Lair:4   | Killed Josephine
 11474 | Lair:4   | HP: 6/162 [wraith[Josephine] (10)]
 11476 | Lair:4   | Mangled by a black mamba

Illustrated notes

Levels and vault maps discovered:
D:1:      onia_arrival_handbag, layout_basic,
          hellmonk_ecumenical_altar_arch_garden, minmay_bisected
D:2:      layout_loops_ring, kennysheep_potato
D:3:      layout_basic, serial_shops, nicolae_shop_hallway_stairs, uniq_jessica
D:4:      layout_loops_ring
D:5:      layout_loops_corners, uniq_crazy_yiuf_cottage, uniq_duvessa,
          uniq_blork_the_orc
D:6:      layout_rooms, mainiacjoe_overflow_alcove_2,
          minmay_temple_entry_sparse_star, serial_bayou, serial_bayou_pond_c,
          serial_bayou_shore_a, serial_bayou_lagoon_a, serial_bayou_ford_a,
          serial_bayou_pond_d, serial_bayou_pond_e, grunt_decor_fettered,
          uniq_pikel
D:7:      minmay_the_grid_triangle_9x9_recursive_2
          [minmay_the_grid_triangle_9x9_prize_top_heavy,
          minmay_the_grid_triangle_9x9_thin_v,
          minmay_the_grid_triangle_9x9_descending_squares,
          minmay_the_grid_triangle_9x9_cache], layout_gridville,
          mainiacjoe_overflow_small_starburst, ebering_ghost_disaster_area,
          skrybe_limestone_x
D:8:      layout_layer_cave
D:9:      layout_loops_ring, mainiacjoe_overflow_catwalk_spiral,
          david_lair_generic, orc_0_dummy
Lair:1:   layout_cave_pods, lemuel_old_faithful, infiniplex_staircase_pool,
          uniq_prince_ribbit2, uniq_sonja
Lair:2:   layout_hall_layers, guppyfry_snake_entry_garden,
          ebering_ghost_rock_garden, minivault_19, minivault_25,
          grunt_forest_large_clearings, serial_bayou_shore_b, lemuel_fruit_tree
Lair:4:   layout_misc_corridors, dpeg_slime_entry_enclosed, grunt_megastairs_4,
          uniq_josephine, uniq_snorg, uniq_nessos

Skill      XL: |  1  2  3  4  5  6  7  8  9 10 11 12 |
---------------+-------------------------------------+-----
Maces & Flails | 4 5 6 7 9 11 13 14 15 | 15.2
Armour         | 3 4 6 7 |  7.5
Fighting       | 4 5 6 7 8 9 10 | 10.9
Stealth        | 1 2 3 4 |  4.0
Dodging        | 3 4 6 |  6.0
Evocations     | 1 3 5 6 8 |  8.0
Ranged Weapons | 3 4 5 |  5.7
Throwing       | 2 4 |  4.0

Action                     |  1- 3 |  4- 6 |  7- 9 | 10-12 || total
---------------------------+-------+-------+-------+-------++-------
  Melee: Mace              |    72 |    79 |   191 |    45 ||   387
         Headbutt          |     4 |    20 |    42 |   108 ||   174
         Flail             |       |    14 |       |   443 ||   457
         Punch             |       |       |     2 |     6 ||     8
   Fire: Sling             |    46 |    56 |    33 |       ||   135
         Shortbow          |       |       |       |   211 ||   211
  Throw: Dart              |       |     3 |     6 |       ||     9
 Invoke: Berserk           |     1 |     2 |     1 |     1 ||     5
         Trog's Hand       |       |       |       |     1 ||     1
  Evoke: Wand              |       |       |     9 |     3 ||    12
    Use: Scroll            |       |       |       |     8 ||     8
   Stab: Sleeping          |       |       |       |     2 ||     2
 Armour: Animal skin       |    14 |       |       |       ||    14
         Ring mail         |     1 |    41 |    83 |    23 ||   148
         Leather armour    |     1 |       |       |    97 ||    98
         Steam dragon scal |       |       |       |    72 ||    72
  Dodge: Dodged            |    59 |    57 |   104 |   311 ||   531
         Repelled          |       |       |     4 |     5 ||     9

Table legend: (Time is in decaauts)
 A = Elapsed time spent in this place.
 B = Non-inter-level travel time spent in this place.
 C = Inter-level travel time spent in this place.
 D = Time resting spent in this place.
 E = Time spent auto-exploring this place.
 F = Levels seen in this place.
 G = Mean time per level.
                   A        B        C        D        E       F      G
               +--------+--------+--------+--------+--------+-----+--------+
         Total |  11431 |  10850 |    581 |    139 |   7991 |  12 |  952.6 |
       Dungeon |   9614 |   9177 |    437 |    125 |   6922 |   9 | 1068.2 |
          Lair |   1816 |   1672 |    144 |     14 |   1069 |   3 |  605.3 |
               +--------+--------+--------+--------+--------+-----+--------+

Top non-repeatable levels by time:
     D:5: 1602 daAuts
     D:8: 1430 daAuts
  Lair:1: 1341 daAuts
     D:7: 1285 daAuts
     D:2: 994 daAuts
     D:3: 958 daAuts
     D:1: 923 daAuts
     D:6: 901 daAuts
     D:4: 834 daAuts
     D:9: 684 daAuts
  Lair:2: 296 daAuts
  Lair:4: 178 daAuts
